 Dungeon Crawl Stone Soup version 0.21.0-25-ge575cb9 (webtiles) character file.

1942 troglodite the Covered (level 8, -16/64 HPs)
             Began as a Demonspawn Berserker on Jan 25, 2018.
             Was an Elder of Trog.
             Demolished by a two-headed ogre
             ... wielding a +0 giant spiked club
              (22 damage)
             ... on level 8 of the Dungeon.
             The game lasted 00:19:54 (6495 turns).

troglodite the Covered (Demonspawn Berserker)       Turns: 6495, Time: 00:19:55

Health: -16/64     AC: 13    Str: 19    XL:     8   Next: 98%
Magic:  8/8        EV: 15    Int:  8    God:    Trog [****..]
Gold:   392        SH:  0    Dex: 19    Spells: 7/7 levels left

rFire    . . .     SeeInvis .   a - +0 falchion
rCold    . . .     Gourm    .   (no shield)
rNeg     . . .     Faith    .   y - +0 chain mail (curse)
rPois    .         Spirit   .   (helmet restricted)
rElec    .         Reflect  .   (no cloak)
rCorr    .         Harm     .   (no gloves)
MR       +....                  i - +2 pair of boots
Stlth    ..........             z - amulet of magic regeneration
HPRegen  0.20/turn              d - ring of protection from magic
MPRegen  0.36/turn              (no ring)

@: agile, berserk cooldown, slowed, very slow
A: horns 2, demonic guardian 1, powered by pain 1
a: Berserk, Trog's Hand, Brothers in Arms, Burn Spellbooks, Renounce Religion


You were on level 8 of the Dungeon.
You worshipped Trog.
Trog was greatly pleased with you.
You were very hungry.

You visited 1 branch of the dungeon, and saw 8 of its levels.

You collected 392 gold pieces.

Inventory:

Hand Weapons
 a - a +0 falchion (weapon)
 j - a +0 hunting sling of freezing
 A - a +2 whip of flaming
Missiles
 k - 366 stones (quivered)
Armour
 i - a +2 pair of boots (worn)
 y - a cursed +0 chain mail (worn)
Jewellery
 d - a ring of protection from magic (left hand)
 z - an amulet of magic regeneration (around neck)
Wands
 x - a wand of random effects (41)
Scrolls
 f - 6 scrolls of remove curse
 h - a scroll of enchant armour
 m - 2 scrolls of amnesia {unknown}
 o - a scroll of teleportation
 p - 2 scrolls of noise {unknown}
 r - a scroll of fog {unknown}
 D - a scroll of random uselessness {unknown}
Potions
 b - 3 potions of curing
 e - a potion of berserk rage
 g - 2 potions of flight
 l - 2 potions of cancellation
 n - a potion of magic
 q - 2 potions of resistance
 s - 3 potions of haste
 t - 2 potions of lignification
 u - a potion of might
 v - a potion of heal wounds {unknown}
 w - 2 potions of agility
 B - a potion of ambrosia {unknown}
 E - a potion of invisibility {unknown}
Comestibles
 c - 15 rations
 C - a chunk of flesh


   Skills:
 * Level 5.9 Fighting
 + Level 6.0 Long Blades
 * Level 6.7 Armour
 * Level 4.5 Dodging
 + Level 1.4 Stealth


You had 7 spell levels left.
You didn't know any spells.

Dungeon Overview and Level Annotations

Branches:
Dungeon (8/15)             Temple (0/1) D:6
   Lair: D:8-11

Altars:
Okawaru
Trog
Xom
Zin


Innate Abilities, Weirdness & Mutations

You have a pair of horns on your head.
A weak demonic guardian rushes to your aid.
You sometimes gain a little power by taking damage.


Message History

The troll bites your two-headed ogre! The troll claws your two-headed ogre!
The troll claws your two-headed ogre.
Your two-headed ogre closely misses the troll. x2
The death yak moves out of view.
Something bites your two-headed ogre but does no damage.
The shadow imp lashes its tail.
The hippogriff bites your two-headed ogre!
Your two-headed ogre dies!
Your two-headed ogre's corpse disappears in a puff of smoke!
A phantom comes into view.
As you read the scroll of teleportation, it crumbles to dust.
You feel strangely unstable.
Your surroundings suddenly seem different.
The two-headed ogre shouts in stereo!
Unknown command.
The two-headed ogre closely misses you. The two-headed ogre barely misses you.
The two-headed ogre hits you with a giant spiked club.
* * * LOW HITPOINT WARNING * * *
The two-headed ogre hits you with a giant spiked club!!
You die...

5#########.#...#
.5## #.....## #5O#
#......## ##.#
#.......# ##O#####
#.....#.# ##.....#
#.....#.#
######...........#
#........O#
.#......@#
#.......#
#######.. ##.# .#
##


You could see a two-headed ogre.

Vanquished Creatures
  Pikel (D:6)
  The ghost of inmateoo the Ducker, a novice GnGl (D:5)
  An orc warrior (D:7)
  An ogre (D:7)
  A big kobold (D:8)
  A bullfrog zombie (D:5)
  2 hounds
  A jelly (D:5)
  A centaur skeleton (D:5)
  4 orc wizards
  2 iguanas
  2 worker ants
  A howler monkey zombie (D:5)
  9 adders
  An ooze (D:1)
  An adder skeleton (D:7)
  6 worms
  2 dart slugs
  5 leopard geckos
  10 orcs
  7 giant cockroaches
  5 goblins
  6 hobgoblins
  10 jackals
  14 kobolds
  A ball python (D:1)
  A ball python skeleton (D:4)
  7 bats
  10 frilled lizards
  A leopard gecko skeleton (D:4)
  A quokka skeleton (D:4)
  7 rats
123 creatures vanquished.

Vanquished Creatures (collateral kills)
  2 ogres
  A crocodile (D:8)
  3 bullfrogs (D:6)
  2 hounds
  A worker ant (D:8)
  An adder (D:4)
  2 orcs (D:4)
  A jackal (D:6)
13 creatures vanquished.

Vanquished Creatures (others)
  A sky beast (D:6)
1 creature vanquished.

Grand Total: 137 creatures vanquished

Notes
Turn   | Place    | Note
-------+----------+-------------------------------------------
     0 | D:1      | troglodite the Demonspawn Berserker began the quest for the Orb.
     0 | D:1      | Reached XP level 1. HP: 18/18 MP: 1/1
    38 | D:1      | Gained mutation: You have a pair of small horns on your head. [demonic ancestry]
    38 | D:1      | Reached XP level 2. HP: 13/24 MP: 2/2
   726 | D:2      | Gained mutation: A weak demonic guardian rushes to your aid. [demonic ancestry]
   726 | D:2      | Reached XP level 3. HP: 15/30 MP: 3/3
  1151 | D:2      | Reached ** piety under Trog
  1617 | D:2      | Gained mutation: You have a pair of horns on your head. [demonic ancestry]
  1617 | D:2      | Reached XP level 4. HP: 22/37 MP: 4/4
  2388 | D:3      | Found a glowing silver altar of Zin.
  2393 | D:3      | Found an iron altar of Okawaru.
  2996 | D:3      | Found a shimmering altar of Xom.
  3136 | D:4      | Reached *** piety under Trog
  3199 | D:4      | Reached XP level 5. HP: 42/42 MP: 5/5
  3578 | D:4      | Found a bloodstained altar of Trog.
  4110 | D:5      | Entered Level 5 of the Dungeon
  4147 | D:5      | Noticed an ogre
  4151 | D:5      | Killed an ogre
  4151 | D:5      | Reached XP level 6. HP: 49/49 MP: 6/6
  4208 | D:5      | Noticed inmateoo's ghost (novice GnGl)
  4233 | D:5      | Killed inmateoo's ghost
  4233 | D:5      | Gained mutation: You sometimes gain a little power by taking damage. [demonic ancestry]
  4233 | D:5      | Reached XP level 7. HP: 55/55 MP: 7/7
  4611 | D:5      | Reached **** piety under Trog
  4612 | D:5      | Reached skill level 5 in Fighting
  4723 | D:5      | You fall through a shaft!
  4747 | D:6      | Reached skill level 1 in Stealth
  4761 | D:6      | Reached skill level 5 in Long Blades
  5293 | D:6      | Reached skill level 5 in Armour
  5293 | D:6      | Reached XP level 8. HP: 62/62 MP: 8/8
  5301 | D:6      | Found a staircase to the Ecumenical Temple.
  5309 | D:6      | Noticed Pikel
  5336 | D:6      | Killed Pikel
  6462 | D:8      | Noticed a two-headed ogre
  6470 | D:8      | HP: 4/96 [two-headed ogre/giant spiked club (21)]
  6480 | D:8      | HP: 1/64 [hound (3)]
  6486 | D:8      | Noticed a troll
  6487 | D:8      | Noticed a hippogriff
  6488 | D:8      | Noticed a death yak
  6495 | D:8      | Demolished by a two-headed ogre

Skill      XL: |  1  2  3  4  5  6  7  8 |
---------------+-------------------------+-----
Armour         | 2 3 4 5 6 |  6.7
Dodging        | 2 3 4 |  4.5
Long Blades    | 3 4 5 6 |  6.0
Fighting       | 4 5 |  5.9
Stealth        | 1 |  1.4

Action                   |  1- 3 |  4- 6 |  7- 9 || total
-------------------------+-------+-------+-------++-------
Melee: Falchion          |    84 |   157 |   130 ||   371
       Headbutt          |    15 |    32 |    36 ||    83
Invok: Berserk           |     2 |     1 |     3 ||     6
       Burn Spellbooks   |       |       |     1 ||     1
       Brothers in Arms  |       |       |     1 ||     1
  Use: Scroll            |       |     8 |     8 ||    16
       Potion            |       |     1 |     1 ||     2
 Stab: Distracted        |       |     1 |       ||     1
  Eat: Chunk             |     4 |     9 |    10 ||    23
Armor: Animal skin       |    10 |       |       ||    10
       Ring mail         |    24 |    77 |       ||   101
       Chain mail        |       |       |   107 ||   107
Dodge: Dodged            |    85 |   127 |    98 ||   310
       Rpst.: Falchion   |    30 |    42 |    34 ||   106
